Map: Battle on the Boardwalk LE

Players

Cellsidus - Winner!

  • Race: Zerg Zerg
  • League: Platinum
  • Spawn Location: 11:00

JumpyWizard

  • Race: Protoss Protoss
  • League: Platinum
  • Spawn Location: 1:00

VOD

Have the link to the VOD?

Description

Time

  • Played on: Dec. 30, 2017, 1:02 p.m.
  • Length: 23:30
Show
View Real Time Build Order
Export as new Build Order

Cellsidus Zerg - Winner!

Build Orders: Pool First, Swarm Host 

Get SALT Encoding   

  12  0:01  Drone  
  13  0:12  Overlord  
  13  0:18  Drone  
  14  0:31  Drone x2  
  14  0:35  Drone  
  17  0:50  Spawning Pool  
  17  0:54  Drone  
  17  1:16  Hatchery  
  16  1:23  Drone  
  17  1:27  Drone x2  
  19  1:37  Queen  
  21  1:40  Extractor  
  21  1:46  Zergling x2  
  21  1:51  Drone  
  22  1:56  Overlord  
  22  2:16  Queen  
  22  2:18  Drone  
  22  2:22  Drone  
  26  2:32  Drone x2  
  28  2:44  Metabolic Boost  
  28  2:50  Overlord  
  28  2:57  Drone  
  28  2:58  Drone x4  
  33  3:03  Extractor  
  33  3:04  Extractor  
  31  3:08  Zergling x2  
  32  3:19  Lair  
  32  3:28  Queen  
  32  3:31  Overlord  
  32  3:32  Overlord  
  34  3:37  Drone  
  34  3:38  Drone x4  
  39  4:00  Drone x2  
  41  4:03  Drone x4  
  45  4:17  Infestation Pit  
  45  4:23  Queen  
  46  4:30  Drone x5  
  46  4:31  Overlord  
  51  4:48  Hatchery  
  49  4:56  Drone  
  49  4:57  Drone x2  
  51  5:05  Drone x2  
  51  5:17  Swarm Host x2  
  51  5:18  Swarm Host  
  60  5:36  Overlord x3  
  60  5:37  Overlord  
  60  5:55  Swarm Host x6  
  60  5:56  Swarm Host x3  
  87  5:58  Drone  
  87  6:02  Overlord x2  
  88  6:09  Drone x2  
  88  6:10  Drone  
  91  6:21  Nydus Network  
  89  6:54  Swarm Host x3  
  95  7:09  Nydus Canal  
  95  7:20  Extractor, Drone x8  
  95  7:21  Drone x2  
  104  8:11  Nydus Canal  
  104  8:17  Swarm Host x3, Zergling x2  
  114  8:30  Overlord x3  
  114  8:41  Nydus Canal  
  114  8:48  Spore Crawler  
  114  8:50  Spore Crawler  
  114  8:54  Zergling x4  
  114  8:55  Zergling x14  
  120  9:44  Swarm Host  
  120  9:45  Swarm Host x4  
  123  9:46  Swarm Host  
  123  9:48  Overlord x3  
  138  10:12  Nydus Canal  
  138  10:22  Swarm Host x7  
  138  10:23  Swarm Host  
  138  10:26  Overlord x4  
  160  10:41  Nydus Canal  
  151  12:02  Swarm Host x2  
  151  12:03  Swarm Host x7  
  151  12:04  Swarm Host  
  181  12:11  Nydus Canal  
  181  12:25  Overlord x3  
  181  13:23  Swarm Host x6  
  197  15:00  Hatchery  
  197  15:02  Hatchery  
  197  15:06  Hatchery  
  193  15:29  Zergling x2  
  193  15:30  Zergling x14  
  49  19:19  Zergling x2  
  49  19:20  Zergling x4  
  52  19:37  Zergling x4  
  52  19:38  Zergling x2  
  52  20:00  Zergling x6  
  52  21:23  Zergling x6  
  16  21:25  Zergling x2  
  16  21:26  Zergling x4  
  16  21:36  Spine Crawler  
  16  21:38  Baneling Nest  
  16  21:39  Spine Crawler  
  13  21:41  Spore Crawler  
  13  21:44  Spine Crawler  
  13  21:46  Zergling x4  
  14  21:49  Zergling x4, Queen  
  14  21:51  Queen  
  20  22:05  Zergling x2  
  20  22:07  Zergling x4  
  23  22:15  Zergling x2  
  19  22:31  Zergling x4  
  20  22:51  Drone x2  
Show
View Real Time Build Order
Export as new Build Order

JumpyWizard Protoss 

Build Orders: Oracle Opening 

Get SALT Encoding   

  12  0:00  Probe  
  13  0:15  Pylon  
  13  0:17  Probe  
  14  0:29  Probe  
  15  0:35  Gateway  
  15  0:41  Probe (Chrono Boost)  
  16  0:45  Assimilator  
  16  0:53  Probe (Chrono Boost)  
  17  1:00  Probe (Chrono Boost)  
  17  1:03  Pylon  
  18  1:07  Probe  
  18  1:09  Assimilator  
  19  1:19  Probe  
  19  1:23  Cybernetics Core  
  20  1:31  Probe  
  21  1:43  Probe  
  21  1:44  Forge  
  22  1:59  Stalker  
  22  2:00  Warp Gate  
  24  2:07  Robotics Facility  
  24  2:21  Protoss Ground Weapons Level 1 (Chrono Boost)  
  24  2:30  Pylon  
  24  2:43  Gateway  
  24  2:44  Gateway  
  24  2:52  Stargate  
  24  3:17  Nexus  
  24  3:26  Pylon  
  24  3:43  Immortal (Chrono Boost)  
  28  3:49  Oracle  
  31  3:59  Shield Battery  
  31  4:05  Protoss Ground Armor Level 1 (Chrono Boost)  
  31  4:09  Probe  
  32  4:14  Pylon  
  32  4:36  Immortal  
  36  4:40  Probe x2  
  36  4:44  Assimilator  
  38  5:10  Sentry, Stalker  
  38  5:11  Stalker  
  44  5:19  Probe x2 (Chrono Boost)  
  44  5:20  Oracle  
  49  5:31  Probe (Chrono Boost)  
  50  5:36  Assimilator  
  50  5:40  Probe (Chrono Boost)  
  51  5:45  Probe  
  52  5:50  Immortal  
  56  5:57  Probe  
  56  6:02  Twilight Council  
  57  6:09  Probe  
  58  6:21  Probe (Chrono Boost)  
  58  6:22  Stalker  
  58  6:23  Sentry  
  64  6:34  Probe (Chrono Boost)  
  64  6:39  Probe (Chrono Boost)  
  65  6:48  Probe  
  65  6:50  Warp Prism  
  65  6:54  Blink  
  68  6:56  Protoss Ground Weapons Level 2 (Chrono Boost)  
  68  7:00  Probe  
  69  7:12  Probe (Chrono Boost)  
  70  7:31  Pylon  
  70  7:42  Probe  
  65  7:47  Stalker  
  65  7:48  Stalker  
  68  7:51  Stalker  
  68  7:54  Probe  
  66  8:23  Pylon  
  66  8:26  Pylon  
  66  8:41  Probe  
  67  8:50  Pylon  
  67  8:53  Probe  
  67  8:54  Pylon  
  67  8:55  Charge  
  68  8:56  Immortal  
  68  8:58  Pylon  
  72  9:05  Protoss Ground Armor Level 2 (Chrono Boost)  
  72  9:06  Nexus  
  72  9:08  Pylon  
  72  9:10  Assimilator  
  72  9:14  Assimilator  
  72  9:17  Pylon  
  72  9:27  Stalker x2  
  74  9:40  Immortal  
  74  9:43  Templar Archives  
  78  9:47  Dark Shrine  
  78  10:02  Nexus, Stalker x2  
  78  10:04  Assimilator  
  82  10:08  Assimilator  
  82  10:10  Gateway  
  82  10:12  Pylon  
  82  10:13  Gateway x2  
  82  10:15  Pylon  
  82  10:42  High Templar  
  84  10:43  High Templar  
  86  11:02  Archon  
  86  11:17  Probe x3  
  89  11:26  Gateway  
  89  11:27  Gateway  
  89  11:28  Immortal  
  89  11:29  Probe x2  
  95  11:34  Probe  
  96  11:41  Probe  
  83  12:03  Pylon  
  83  12:14  Immortal  
  87  12:20  Gateway  
  87  12:22  Gateway  
  87  12:25  Gateway  
  87  12:27  Robotics Bay  
  87  12:32  Probe  
  87  12:33  Stalker x2  
  87  12:34  Stalker  
  94  12:44  Probe  
  95  12:54  Immortal  
  95  12:56  Probe  
  100  13:02  High Templar x3  
  106  13:13  Protoss Ground Weapons Level 3 (Chrono Boost)  
  106  13:14  Archon  
  106  13:16  Psionic Storm, Extended Thermal Lance  
  106  13:28  Gateway x2  
  106  13:31  Gateway  
  106  13:33  Gateway  
  106  13:34  Probe  
  106  13:35  Gateway  
  106  13:36  Pylon  
  106  13:39  Pylon  
  107  13:42  High Templar x3  
  107  13:43  High Templar x2  
  107  13:44  Zealot  
  107  13:46  Probe  
  120  13:50  Archon  
  120  13:51  Archon  
  120  13:53  Colossus, Archon  
  126  13:58  Probe  
  123  14:10  Probe  
  114  14:22  Probe  
  104  14:44  Zealot  
  104  14:45  Zealot  
  108  14:50  Probe, Pylon  
  108  14:52  Pylon  
  109  14:55  Pylon  
  109  14:58  Pylon  
  109  15:01  Assimilator  
  109  15:03  Pylon  
  109  15:08  Probe  
  109  15:09  Pylon  
  110  15:20  Probe  
  110  15:21  Pylon  
  111  15:32  Probe  
  112  15:37  Stalker x2  
  112  15:38  Stalker x2  
  112  15:39  High Templar x2  
  112  15:41  Zealot  
  126  15:44  Probe, Archon  
  126  15:48  High Templar x2  
  126  15:49  Zealot  
  129  16:03  Archon  
  127  16:20  Colossus  
  133  16:34  Zealot x4  
  133  16:35  Zealot x2  
  144  16:46  Zealot  
  144  16:47  Zealot x3  
  134  17:14  Colossus  
  136  17:19  High Templar x2  
  136  17:21  Stalker x2  
  140  17:24  Archon  
  132  17:31  Zealot x2  
  103  18:08  Colossus  
  70  19:14  Zealot x2  
Tags
 
Add a new tag
Caveats
  • Supply blocks, unpowered buildings, or Contaminate may cause inaccurate times.
  • Supply counts are checked every 10 seconds.